Map: Catalesque CE

Players

인공지능 칸 (정예) - Winner!

  • Race: Protoss Protoss
  • Spawn Location: 5:00

인공지능 칸 (정예) - Winner!

  • Race: Protoss Protoss
  • Spawn Location: 5:00

용감한저글링

  • Race: Zerg Zerg
  • Spawn Location: 11:00

VOD

Have the link to the VOD?

Description

Time

  • Played on: May 31, 2024, 4:29 a.m.
  • Length: 13:22
Show
View Real Time Build Order
Export as new Build Order

인공지능 칸 (정예) Protoss - Winner!

Build Orders: 1 Gate Expand, Colossus Rush 

Get SALT Encoding   

  12  0:01  Probe  
  13  0:13  Probe  
  14  0:18  Pylon  
  14  0:25  Probe  
  15  0:33  Probe  
  15  0:41  Probe  
  16  0:47  Assimilator  
  17  0:50  Gateway  
  17  0:51  Probe  
  18  0:59  Probe  
  18  1:00  Pylon  
  19  1:07  Probe  
  19  1:17  Probe  
  21  1:29  Probe  
  22  1:36  Nexus  
  22  1:42  Probe  
  22  1:46  Zealot  
  25  1:57  Probe  
  25  1:58  Cybernetics Core  
  26  2:05  Probe  
  26  2:14  Probe  
  28  2:24  Warp Gate  
  28  2:25  Probe, Pylon  
  29  2:34  Stalker  
  29  2:35  Gateway  
  31  2:39  Assimilator  
  31  2:43  Probe  
  32  2:53  Pylon  
  32  2:56  Probe, Adept  
  33  2:59  Probe  
  36  3:08  Probe  
  36  3:11  Probe  
  38  3:19  Robotics Facility  
  38  3:21  Adept  
  38  3:23  Probe  
  38  3:24  Adept  
  38  3:25  Probe  
  44  3:35  Probe  
  44  3:37  Probe  
  46  3:45  Probe  
  47  3:49  Probe, Adept  
  47  3:53  Probe  
  47  3:54  Adept  
  52  4:01  Probe  
  54  4:04  Probe  
  54  4:08  Pylon  
  54  4:09  Robotics Bay, Observer  
  56  4:13  Probe  
  56  4:16  Probe  
  58  4:17  Robotics Facility  
  58  4:21  Pylon  
  58  4:24  Adept  
  60  4:32  Stalker  
  60  4:33  Probe  
  60  4:34  Probe  
  60  4:36  Pylon  
  64  4:40  Stalker  
  66  4:54  Gateway  
  66  5:03  Zealot  
  66  5:05  Pylon  
  66  5:06  Zealot  
  70  5:09  Colossus  
  76  5:16  Pylon  
  76  5:18  Zealot  
  78  5:24  Zealot  
  80  5:43  Stalker, Pylon, Sentry  
  80  5:44  Probe x2  
  80  5:46  Gateway  
  86  6:00  Twilight Council  
  86  6:01  Assimilator  
  86  6:03  Assimilator  
  86  6:06  Pylon  
  86  6:07  Nexus  
  86  6:08  Pylon  
  86  6:20  Probe  
  88  6:25  Probe  
  88  6:28  Probe, Forge  
  89  6:35  Forge  
  89  6:37  Probe  
  90  6:45  Stalker  
  92  6:47  Pylon  
  92  6:50  Stalker, Pylon  
  92  6:53  Pylon  
  94  6:54  Stalker  
  94  6:58  Pylon  
  94  6:59  Stalker  
  98  7:04  Photon Cannon  
  98  7:08  Sentry  
  98  7:10  Photon Cannon  
  100  7:16  Templar Archives  
  100  7:17  Probe  
  100  7:19  Probe x2  
  103  7:24  Protoss Ground Weapons Level 1  
  103  7:28  Probe  
  103  7:31  Probe  
  103  7:32  Probe, Protoss Ground Armor Level 1  
  103  7:35  Assimilator  
  106  7:37  Photon Cannon  
  106  7:38  Probe  
  106  7:42  Pylon  
  106  7:43  Probe  
  108  7:44  Probe, Assimilator  
  108  7:50  Probe  
  110  7:52  Stalker  
  110  7:53  High Templar  
  110  7:54  High Templar  
  110  7:55  Probe  
  110  7:56  Probe, Stalker  
  120  8:02  Probe  
  120  8:03  Probe, Photon Cannon  
  121  8:07  Pylon  
  121  8:08  Probe, Archon, Immortal  
  121  8:12  Probe  
  127  8:15  Probe, Stalker  
  127  8:17  Probe  
  127  8:19  High Templar  
  133  8:23  Probe  
  135  8:28  High Templar  
  135  8:30  Photon Cannon  
  135  8:31  Stalker  
  139  8:35  Photon Cannon  
  139  8:37  Immortal  
  143  8:49  Psionic Storm  
  143  8:51  Warp Prism  
  145  8:55  Sentry  
  145  9:01  Nexus  
  147  9:03  Zealot x2  
  147  9:04  Zealot  
  153  9:16  Warp Prism  
  155  9:19  Zealot x2  
  155  9:20  Archon  
  155  9:23  Pylon, Zealot  
  155  9:24  High Templar  
  163  9:27  Colossus  
  169  9:34  Zealot  
  169  9:37  Zealot  
  173  9:39  Zealot  
  175  9:48  High Templar  
  175  9:51  Pylon  
  175  9:52  Observer  
  178  9:53  Zealot  
  178  9:55  Zealot  
  176  10:09  Observer  
  176  10:10  Zealot  
  176  10:11  Photon Cannon  
  176  10:14  Zealot x2  
  173  10:18  Stalker  
  173  10:20  Colossus  
  157  10:24  Adept  
  157  10:27  Colossus  
  147  10:28  Zealot  
  147  10:31  Assimilator  
  147  10:34  Stalker  
  137  10:36  Assimilator  
  137  10:38  High Templar  
  137  10:42  Stalker, Sentry  
  139  10:53  Archon  
  139  10:57  Stalker  
  139  11:02  Adept, Zealot  
  139  11:04  Colossus  
  145  11:05  Sentry  
  153  11:20  Stalker, High Templar  
  153  11:21  Immortal  
  153  11:22  Stalker  
  163  11:28  Probe, Zealot  
  163  11:29  Probe  
  165  11:38  Probe  
  165  11:41  Zealot  
  165  11:42  Probe  
  165  11:43  High Templar  
  165  11:44  Probe, Stalker  
  165  11:46  Probe  
  170  11:48  Zealot  
  170  11:54  Immortal  
  173  11:56  Sentry  
  173  11:58  Immortal  
  183  12:08  Adept, Stalker  
  185  12:11  Nexus  
  187  12:16  Adept  
  187  12:19  Stalker  
  187  12:22  Pylon  
  191  12:25  Gateway  
  191  12:29  Stalker  
  193  12:30  Immortal  
  193  12:32  Stalker  
  197  12:46  Archon  
  199  12:52  High Templar  
  199  12:53  Assimilator  
  199  12:54  High Templar  
  199  12:55  Zealot  
  199  12:57  Zealot  
  199  12:58  Assimilator  
  155  13:06  Archon  
  153  13:15  Zealot  
  153  13:17  Zealot  
  153  13:19  Zealot  
Show
View Real Time Build Order
Export as new Build Order

인공지능 칸 (정예) Protoss - Winner!

Build Orders:  

Get SALT Encoding   

  12  0:00  Probe  
  13  0:13  Probe  
  14  0:21  Pylon  
  14  0:25  Probe  
  15  0:35  Probe  
  16  0:43  Probe  
  16  0:48  Assimilator  
  17  0:52  Gateway  
  17  0:53  Probe  
  18  1:01  Probe  
  18  1:02  Pylon  
  18  1:09  Probe  
  20  1:20  Probe  
  21  1:38  Gateway  
  21  1:39  Probe, Zealot  
  24  1:44  Cybernetics Core  
  24  1:49  Pylon  
  24  1:51  Probe  
  25  1:58  Zealot  
  25  2:03  Assimilator  
  28  2:08  Probe  
  28  2:20  Probe, Warp Gate  
  29  2:23  Adept  
  29  2:25  Adept  
  33  2:35  Robotics Facility  
  33  2:37  Probe  
  34  2:50  Adept  
  34  2:53  Adept  
  38  2:59  Probe  
  38  3:00  Pylon  
  39  3:15  Adept  
  39  3:23  Sentry  
  39  3:25  Immortal  
  47  3:37  Pylon  
  47  3:52  Stalker, Pylon  
  47  3:55  Stalker  
  51  4:08  Immortal  
  55  4:15  Pylon  
  55  4:19  Probe  
  56  4:27  Stalker  
  58  4:32  Stalker  
  60  4:54  Stalker  
  60  4:56  Sentry  
  60  4:57  Gateway  
  64  5:01  Pylon  
  64  5:20  Nexus  
  64  5:24  Stalker  
  66  5:31  Stalker  
  68  5:41  Stalker  
  70  5:52  Pylon, Zealot  
  72  6:01  Forge  
  72  6:21  Forge  
  72  6:29  Probe  
  72  6:33  Probe, Protoss Ground Armor Level 1  
  72  6:37  Probe  
  74  6:40  Protoss Ground Weapons Level 1  
  74  6:45  Probe  
  76  6:47  Probe  
  77  6:58  Probe  
  77  6:59  Pylon  
  78  7:10  Probe  
  78  7:11  Pylon  
  78  7:12  Probe  
  78  7:15  Observer  
  80  7:20  Probe  
  80  7:22  Probe, Assimilator  
  82  7:25  Robotics Bay  
  83  7:34  Probe  
  83  7:35  Assimilator  
  84  7:42  Zealot, Sentry  
  88  7:45  Probe  
  88  7:46  Probe, Photon Cannon  
  88  7:47  Nexus  
  90  8:00  Probe  
  90  8:03  Probe  
  92  8:09  Colossus  
  98  8:13  Probe, Twilight Council  
  98  8:18  Probe  
  100  8:38  Pylon  
  100  8:45  Protoss Shields Level 1, Blink  
  100  8:46  Photon Cannon  
  100  8:49  Protoss Ground Weapons Level 2, Colossus  
  100  9:00  Probe  
  100  9:02  Probe, Photon Cannon  
  102  9:05  Probe  
  109  9:11  Zealot  
  109  9:12  Probe  
  109  9:14  Probe  
  113  9:17  Probe  
  113  9:19  Zealot  
  113  9:22  Zealot  
  118  9:24  Probe  
  118  9:27  Probe  
  118  9:29  Probe  
  115  9:31  Zealot  
  115  9:36  Probe  
  90  9:39  Probe  
  90  9:40  Stalker  
  90  9:42  Adept  
  81  9:48  Probe, Adept  
  81  9:49  Probe  
  81  9:51  Probe  
  86  9:56  Probe  
  86  10:01  Probe  
  86  10:02  Zealot, Sentry  
  86  10:03  Probe, Zealot  
  86  10:05  Probe  
  95  10:13  Probe  
  97  10:18  Colossus  
  103  10:22  Sentry  
  103  10:23  Zealot  
  103  10:24  Extended Thermal Lance  
  103  10:25  Zealot  
  109  10:41  Probe  
  109  10:42  Pylon  
  109  10:43  Stalker  
  109  10:45  Adept, Stalker  
  112  10:51  Probe  
  112  10:52  Probe  
  112  10:57  Assimilator  
  114  11:01  Assimilator  
  114  11:05  Zealot  
  114  11:06  Zealot  
  114  11:08  Stalker  
  120  11:12  Colossus, Pylon  
  120  11:15  Probe  
  126  11:19  Probe, Sentry  
  126  11:20  Nexus  
  129  11:26  Zealot  
  129  11:27  Probe  
  129  11:28  Probe  
  129  11:31  Templar Archives, Zealot  
  135  11:34  Probe  
  135  11:35  Probe  
  135  11:37  Pylon  
  135  11:38  Stalker  
  139  11:41  Probe  
  140  11:47  Zealot  
  140  11:57  Psionic Storm  
  140  11:58  Nexus  
  138  12:06  Immortal  
  142  12:08  Zealot, High Templar  
  142  12:10  High Templar  
  142  12:14  Pylon  
  148  12:29  High Templar  
  148  12:34  Probe  
  149  12:37  Pylon  
  149  12:41  Zealot  
  149  12:42  High Templar  
  143  12:49  Assimilator  
  147  12:54  Archon  
  147  12:55  Zealot  
  149  12:58  Zealot  
  149  13:06  Pylon  
  149  13:08  Assimilator  
  149  13:11  High Templar  
  149  13:12  Zealot  
  149  13:14  Stalker  
Show
View Real Time Build Order
Export as new Build Order

용감한저글링 Zerg 

Build Orders: Hatch First, Roach Hydra 

Get SALT Encoding   

  12  0:01  Drone  
  13  0:11  Drone  
  14  0:18  Extractor  
  14  0:19  Drone  
  15  0:46  Hatchery  
  14  0:50  Overlord  
  14  1:10  Drone x3  
  17  1:19  Spawning Pool  
  17  1:22  Drone  
  17  1:28  Extractor  
  16  1:34  Drone  
  17  1:42  Drone  
  18  1:53  Drone  
  19  1:59  Drone  
  20  2:04  Drone  
  20  2:05  Queen  
  23  2:08  Queen  
  23  2:13  Overlord  
  25  2:17  Drone  
  26  2:23  Drone  
  27  2:31  Drone  
  27  2:34  Metabolic Boost  
  28  2:38  Extractor  
  28  2:39  Drone x2  
  29  2:55  Drone  
  29  2:58  Drone x2  
  32  3:03  Drone  
  33  3:19  Lair  
  33  3:24  Hatchery  
  33  3:25  Roach Warren  
  31  3:28  Drone x5  
  31  3:30  Overlord  
  36  3:34  Overlord  
  36  3:52  Drone  
  36  3:53  Overlord  
  37  3:58  Drone x4  
  41  4:26  Glial Reconstitution  
  41  4:39  Hydralisk Den  
  41  4:40  Drone  
  41  4:41  Queen, Drone x5  
  41  4:42  Drone  
  41  4:43  Evolution Chamber  
  41  4:45  Evolution Chamber  
  47  4:49  Overlord x2  
  47  4:55  Extractor  
  47  4:57  Extractor, Drone  
  46  5:01  Overseer  
  46  5:05  Queen  
  48  5:10  Zerg Missile Weapons Level 1  
  48  5:11  Zerg Ground Armor Level 1  
  48  5:12  Drone  
  48  5:13  Drone x9  
  58  5:28  Muscular Augments  
  58  5:34  Queen  
  60  5:36  Drone x3  
  60  5:37  Drone  
  60  5:39  Overlord  
  60  5:40  Overlord  
  64  6:09  Hydralisk x4  
  64  6:10  Hydralisk x7  
  86  6:19  Extractor x2  
  84  6:28  Overseer  
  84  6:52  Drone x5  
  89  7:04  Overlord  
  89  7:05  Overlord x3  
  89  7:08  Zerg Ground Armor Level 2, Zerg Missile Weapons Level 2  
  89  7:10  Grooved Spines  
  89  7:28  Drone x5  
  94  7:38  Infestation Pit  
  93  7:44  Overseer  
  93  7:47  Hydralisk x2  
  93  7:48  Hydralisk x10  
  117  8:06  Hatchery  
  117  8:12  Drone x2  
  118  8:13  Drone x3  
  121  8:20  Hive  
  121  8:21  Overlord x4  
  121  8:54  Extractor  
  120  8:56  Roach  
  120  8:57  Roach x19  
  120  8:58  Extractor  
  153  9:36  Hydralisk  
  153  9:37  Hydralisk x9  
  159  9:40  Overlord x4  
  159  9:41  Overlord x2  
  157  9:47  Drone x2  
  151  10:03  Roach x12  
  161  10:15  Roach x6  
  161  10:21  Viper  
  151  10:22  Roach  
  151  10:26  Roach x7  
  150  10:32  Queen  
  146  10:48  Adrenal Glands  
  138  11:07  Queen  
  140  11:22  Roach x6  
  140  11:23  Roach x13  
  178  11:40  Hydralisk x4  
  178  11:41  Hydralisk x4  
  194  11:47  Hatchery  
  194  11:50  Hatchery  
  188  12:00  Hydralisk  
  188  12:01  Hydralisk x8  
  183  12:07  Overseer  
  185  12:30  Roach  
  185  12:31  Roach x8  
  187  12:52  Hydralisk  
  187  12:53  Hydralisk  
  187  12:54  Hydralisk x3  
Tags
 
Add a new tag
Caveats
  • Supply blocks, unpowered buildings, or Contaminate may cause inaccurate times.
  • Supply counts are checked every 10 seconds.